 Dungeon Crawl Stone Soup version 0.31-a0-1178-gc5c9b8f871 (webtiles) character file.

Game seed: 10929815476560403525

135 grandjackal the Slasher (level 4, -1/38 HPs)
             Began as a Draconian Gladiator on Dec 12, 2023.
             Slain by a hornet (6 damage)
             ... on level 4 of the Dungeon.
             The game lasted 00:02:51 (2783 turns).

grandjackal the Slasher (Draconian Gladiator)       Turns: 2783, Time: 00:02:51

Health: -1/38      AC:  9    Str: 13 (16) XL:     4   Next: 97%
Magic:  4/4        EV: 12    Int:  6 (9)  God:
Gold:   134        SH:  6    Dex: 11 (14) Spells: 3/3 levels left

rFire   . . .        a - +0 long sword
rCold   . . .        j - +2 buckler
rNeg    . . .        (body armour unavailable)
rPois   .            u - +1 hat
rElec   .            (no cloak)
rCorr   +            y - +2 pair of gloves
SInv    .            (no boots)
Will    .....        (no amulet)
Stlth   +            s - ring of resist corrosion
HPRegen 0.26/turn    (no ring)
MPRegen 0.09/turn

%: no passive effects
@: mighty, hasted, very quick
A: AC +5, unfitting armour, cold-blooded
a: no special abilities


You were on level 4 of the Dungeon.
You visited 1 branch of the dungeon, and saw 4 of its levels.

You collected 134 gold pieces.

Inventory:

Hand Weapons
 a - a +0 long sword (weapon)
 w - a +2 short sword of holy wrath
Missiles
 c - 4 throwing nets (quivered)
 d - a javelin
 v - 2 poisoned darts
Armour
 j - a +2 buckler (worn)
 u - a +1 hat (worn)
 y - a +2 pair of gloves (worn)
Jewellery
 s - a ring of resist corrosion (left hand)
Scrolls
 f - 2 scrolls of blinking {unknown}
 h - a scroll of noise {unknown}
 i - 6 scrolls of identify {unknown}
 k - a scroll of revelation {unknown}
 p - a scroll of fog {unknown}
 x - a scroll of acquirement {unknown}
Potions
 b - a potion of degeneration
 g - a potion of invisibility {unknown}
 l - 3 potions of might
 m - 2 potions of magic {unknown}
 n - 2 potions of curing {unknown}
 o - a potion of mutation {unknown}
 q - 2 potions of cancellation {unknown}
 r - 2 potions of heal wounds {unknown}
 t - a potion of resistance {unknown}


   Skills:
 + Level 3.4 Fighting
 + Level 3.8 Long Blades
 - Level 2.0 Throwing
 + Level 3.5 Dodging
 + Level 1.8 Shields


You had 3 spell levels left.
You didn't know any spells.
Your spell library was empty.

Dungeon Overview and Level Annotations

Branches:
Dungeon (4/15)
 Temple: D:4-7

Altars:
Elyvilon
Xom


Innate Abilities, Weirdness & Mutations

Your plain brown scales are hard. (AC +5)
You cannot fit into any form of body armour.
You are cold-blooded and may be slowed by cold attacks.


Message History

It was a potion of degeneration.
There was something very wrong with that liquid.
You feel weakened.
You feel dopey.
You feel clumsy. The hobgoblin barely misses you.
You block the phantom's attack.
It was a potion of might.
You feel very mighty all of a sudden.
The giant cockroach bites the bush but does no damage.
You block the hobgoblin's attack. The phantom hits you.
The phantom blinks!
You blink.
Unknown command.
You slash the phantom!
You tail-slap the phantom, but do no damage.
The phantom is severely damaged.
The giant cockroach bites the bush but does no damage.
The phantom hits you but does no damage.
The endoplasm hits the bush but does no damage.
You closely miss the phantom.
The phantom is severely damaged.
The phantom barely misses you.
The endoplasm hits the bush but does no damage.
The hobgoblin hits something but does no damage.
Something hits the bush.
You closely miss the phantom.
The phantom is severely damaged.
The phantom hits you.
The endoplasm hits the bush but does no damage.
The phantom misses you.
The endoplasm hits the bush but does no damage.
You closely miss the phantom.
The phantom is severely damaged.
The hornet stings you!
* * * LOW HITPOINT WARNING * * *
You suddenly lose the ability to move!
The phantom hits you but does no damage.
The endoplasm completely misses the bush.
You can move again.
It was a potion of haste.
You feel yourself speed up. The hornet misses you.
The phantom hits you but does no damage.
The hornet attacks as it pursues you! The hornet stings you.
You die...

# .. #.# #..# #.###
#.##..#####.# ...
#.###...###.###
.#####.######..####.....^.######
........................).......
######..............####..######
##.PPPPPPP.....# ##..#
#.J.gg..yW....# ####
#.P.PPPBP@....# #.P.....P.....#
#.P.._..P.....# #.P.....P.....#
#.P.PPP.P.....# ..............#
#..PPPPPPP.#.### # (.. ...#.#


You could see a hornet, a phantom, an endoplasm, a giant cockroach and 2
hobgoblins.

Vanquished Creatures
  3 gnolls (D:3)
  5 adders
  A worm (D:3)
  A dart slug (D:4)
  5 ball pythons
  5 endoplasms
  2 giant cockroaches (D:2)
  8 goblins
  3 hobgoblins
  6 jackals
  A quokka (D:4)
  2 bats
  A frilled lizard (D:2)
  8 kobolds
  5 rats
56 creatures vanquished.

Vanquished Creatures (others)
  A quokka (D:3)
1 creature vanquished.

Grand Total: 57 creatures vanquished

Notes
Turn   | Place    | Note
-------+----------+-------------------------------------------
     0 | D:1      | grandjackal the Draconian Gladiator began the quest for the
                  | Orb.
     0 | D:1      | Reached XP level 1. HP: 17/17 MP: 1/1
   404 | D:1      | Reached XP level 2. HP: 19/25 MP: 2/2
  1263 | D:2      | Reached XP level 3. HP: 30/30 MP: 3/3
  1412 | D:2      | Reached skill level 1 in Shields
  1757 | D:3      | Reached XP level 4. HP: 38/38 MP: 4/4
  2331 | D:3      | Found a white marble altar of Elyvilon.
  2553 | D:3      | Identified the +3 leather armour of Rotini {Int+3}
  2577 | D:4      | Noticed a scorpion
  2756 | D:4      | Found a shimmering altar of Xom.
  2757 | D:4      | Noticed a phantom
  2764 | D:4      | Noticed a hornet
  2781 | D:4      | Paralysed by a hornet for 1 turns
  2783 | D:4      | Slain by a hornet

Illustrated notes

Levels and vault maps discovered:
D:1:      dpeg_chamrin_arrival_tetris, layout_loops_corners,
          wad_floor_pattern_untrapped
D:2:      layout_loops_cross
D:3:      layout_basic, elyvilon_altar_4
D:4:      layout_rooms, mainiacjoe_overflow_cross_hatched, uniq_robin

Skill      XL: |  1  2  3 |
---------------+----------+-----
Throwing       | 2 |  2.0
Dodging        | 3 |  3.5
Shields        | 1 |  1.8
Fighting       | 3 |  3.4
Long Blades    | |  3.8

Action                     |  1- 3 |  4- 6 || total
---------------------------+-------+-------++-------
  Melee: Long sword        |   108 |    75 ||   183
         Tailslap          |     6 |    12 ||    18
    Use: Potion            |       |     3 ||     3
   Stab: Distracted        |       |     1 ||     1
         Sleeping          |       |     1 ||     1
 Armour: Skin              |    46 |    59 ||   105
  Dodge: Dodged            |    54 |    57 ||   111
  Block: Buckler           |    34 |    36 ||    70

Table legend: (Time is in decaauts)
 A = Elapsed time spent in this place.
 B = Non-inter-level travel time spent in this place.
 C = Inter-level travel time spent in this place.
 D = Time resting spent in this place.
 E = Time spent auto-exploring this place.
 F = Levels seen in this place.
 G = Mean time per level.
                   A        B        C        D        E       F      G
               +--------+--------+--------+--------+--------+-----+--------+
         Total |   2838 |   2707 |    131 |     73 |   2053 |   4 |  709.5 |
       Dungeon |   2838 |   2707 |    131 |     73 |   2053 |   4 |  709.5 |
               +--------+--------+--------+--------+--------+-----+--------+

Top non-repeatable levels by time:
     D:1: 1011 daAuts
     D:3: 905 daAuts
     D:2: 761 daAuts
     D:4: 160 daAuts
